Map: Rhoskallian LE

Players

Ekelpack - Winner!

  • Race: Zerg Zerg
  • Spawn Location: 5:00

Nyck - Winner!

  • Race: Terran Terran
  • Spawn Location: 6:00

Matski

  • Race: Terran Terran
  • Spawn Location: 12:00

Pyndersboele

  • Race: Zerg Zerg
  • Spawn Location: 11:00

VOD

Have the link to the VOD?

Description

Time

  • Played on: Jan. 1, 2025, 1:55 p.m.
  • Length: 17:51
Show
View Real Time Build Order
Export as new Build Order

Ekelpack Zerg - Winner!

Build Orders: Hatch First 

Get SALT Encoding   

  12  0:00  Drone  
  13  0:13  Overlord  
  13  0:19  Drone  
  14  0:32  Drone  
  15  0:49  Drone  
  16  0:52  Hatchery  
  15  1:04  Spawning Pool  
  15  1:07  Drone  
  15  1:11  Extractor  
  14  1:12  Drone  
  14  1:17  Drone  
  16  1:22  Drone  
  17  1:30  Drone  
  18  1:41  Drone  
  19  1:51  Drone, Queen  
  22  2:03  Queen  
  24  2:09  Drone  
  24  2:12  Drone  
  27  2:15  Drone  
  27  2:19  Drone  
  28  2:24  Overlord  
  28  2:34  Lair  
  28  2:39  Overlord  
  28  2:45  Drone x2  
  28  2:48  Drone  
  28  2:49  Extractor  
  28  2:50  Drone  
  31  2:56  Drone  
  31  2:58  Drone  
  33  3:02  Drone x2  
  33  3:03  Drone  
  36  3:08  Drone  
  36  3:11  Drone, Extractor  
  37  3:14  Drone x2  
  37  3:15  Drone  
  40  3:24  Drone  
  41  3:28  Drone  
  41  3:30  Drone, Extractor  
  42  3:34  Spire  
  42  3:36  Overlord  
  42  3:37  Drone  
  42  3:44  Drone  
  42  3:45  Drone  
  44  4:07  Drone x2  
  46  4:10  Overlord x2  
  46  4:11  Overlord  
  46  4:47  Mutalisk x3  
  46  4:48  Mutalisk x6  
  46  4:49  Mutalisk  
  46  4:50  Mutalisk  
  68  4:53  Overlord  
  68  5:03  Zerg Flyer Weapons Level 1, Mutalisk x2  
  68  5:04  Mutalisk  
  74  5:07  Hatchery  
  74  5:10  Mutalisk  
  75  5:27  Zergling x2  
  76  5:30  Drone x5  
  76  5:31  Drone, Queen  
  63  6:06  Drone  
  62  6:12  Overseer x2  
  62  6:24  Drone x4  
  62  6:25  Drone x2  
  68  6:33  Extractor  
  67  6:51  Drone x2  
  67  6:52  Overlord x2  
  67  6:54  Drone x3  
  72  7:02  Zerg Flyer Weapons Level 2  
  72  7:05  Drone  
  73  7:09  Queen  
  75  7:35  Drone x4  
  79  7:39  Drone x2  
  79  7:40  Drone, Overlord  
  79  7:41  Overlord x2  
  79  7:43  Extractor  
  81  7:45  Drone x3  
  70  8:15  Mutalisk  
  70  8:16  Mutalisk x6  
  70  8:17  Mutalisk x6  
  96  8:33  Drone x4  
  96  8:34  Drone  
  101  8:51  Drone x2  
  101  8:55  Drone x2  
  105  8:56  Overlord  
  105  8:57  Overlord  
  105  9:18  Zerg Flyer Armor Level 1  
  105  9:26  Drone x2  
  105  9:29  Drone  
  105  9:30  Drone x2  
  110  9:52  Drone x3, Extractor  
  112  9:53  Overlord x4  
  112  9:59  Infestation Pit  
  111  10:02  Evolution Chamber  
  111  10:04  Evolution Chamber  
  109  10:18  Zergling x6  
  109  10:19  Zergling x4  
  109  10:20  Metabolic Boost  
  114  10:40  Mutalisk x2  
  114  10:41  Mutalisk x7  
  120  11:07  Hive  
  120  11:08  Zerg Melee Weapons Level 1, Zerg Ground Armor Level 1  
  120  11:19  Zerg Flyer Armor Level 2  
  120  11:23  Zergling x2  
  121  11:27  Drone x3  
  121  11:28  Drone x2  
  126  11:48  Zergling x6  
  126  11:49  Zergling x10  
  134  12:02  Zergling x8  
  138  12:08  Zergling x4  
  135  12:28  Zergling x6  
  133  12:31  Pneumatized Carapace  
  133  12:41  Ultralisk Cavern  
  132  12:52  Adrenal Glands  
  132  12:55  Hatchery  
  132  12:57  Overlord x5  
  131  13:04  Zerg Melee Weapons Level 2  
  131  13:05  Zerg Ground Armor Level 2  
  131  13:11  Extractor  
  130  13:14  Overlord x2  
  130  13:30  Ultralisk x4  
  130  13:31  Ultralisk x6  
  170  13:59  Ultralisk x2  
  182  14:07  Ultralisk x2  
  200  14:10  Ultralisk  
  200  14:28  Chitinous Plating  
  169  15:03  Ultralisk x4  
  193  15:09  Ultralisk  
  193  15:11  Zergling x2  
  198  15:23  Drone  
  198  15:24  Drone  
  200  15:47  Anabolic Synthesis  
  149  16:11  Ultralisk x2  
  149  16:12  Ultralisk x5  
  149  16:13  Zergling x10  
  149  16:14  Zergling x12  
  149  16:15  Zergling x8  
  188  16:38  Drone x3  
  191  16:47  Queen  
  193  17:11  Extractor  
Show
View Real Time Build Order
Export as new Build Order

Nyck Terran - Winner!

Build Orders:  

Get SALT Encoding   

  12  0:00  SCV  
  13  0:12  SCV  
  14  0:20  Supply Depot  
  14  0:24  SCV  
  15  0:42  SCV, Barracks  
  16  0:47  Refinery  
  16  0:56  Refinery  
  16  0:57  SCV  
  17  1:09  SCV  
  18  1:19  Barracks  
  18  1:21  SCV  
  19  1:33  Barracks Reactor  
  19  1:37  Orbital Command  
  19  1:48  Supply Depot  
  19  2:03  SCV  
  20  2:08  Barracks Reactor  
  20  2:11  Supply Depot  
  20  2:13  Reaper x2  
  22  2:16  SCV  
  23  2:32  SCV  
  24  2:48  Marine  
  24  2:49  Marine x2  
  24  2:50  Marine  
  28  2:55  SCV  
  29  3:12  SCV  
  30  3:14  Reaper x4  
  34  3:25  Command Center  
  34  3:26  SCV  
  35  3:33  Factory  
  35  3:36  Supply Depot  
  35  3:44  SCV  
  36  3:56  SCV  
  36  4:00  Supply Depot  
  37  4:03  Marine x2  
  37  4:04  Marine x2  
  41  4:12  Barracks  
  41  4:21  SCV  
  42  4:24  Starport  
  42  4:27  Marine x3  
  42  4:28  Marine  
  46  4:45  SCV  
  47  5:02  Orbital Command  
  47  5:03  SCV  
  48  5:09  Barracks Tech Lab  
  48  5:19  SCV, Refinery  
  49  5:23  Refinery  
  48  5:31  SCV  
  25  6:15  SCV x2  
  27  6:27  SCV  
  27  6:28  SCV  
  27  6:30  Barracks Reactor  
  27  6:31  Barracks Reactor  
  27  6:32  Combat Shield  
  26  6:34  Medivac  
  27  6:41  Marine  
  27  6:45  SCV x2  
  29  6:57  SCV  
  29  6:59  Marine  
  31  7:04  Medivac  
  33  7:08  Marine  
  33  7:09  Marine x3  
  33  7:15  Command Center  
  37  7:33  Engineering Bay  
  37  7:34  SCV x2  
  39  7:38  Engineering Bay  
  39  7:41  Marine x3  
  39  7:42  Marine x2  
  44  7:46  SCV x2  
  44  7:48  Medivac  
  48  7:52  Orbital Command  
  47  8:24  SCV x2  
  47  8:25  Marine x5  
  54  8:36  SCV x2  
  54  8:39  Orbital Command  
  56  8:54  SCV x2  
  58  8:56  Marine x3  
  61  9:06  SCV x2  
  64  9:10  SCV  
  64  9:13  Marine x3  
  64  9:14  Marine  
  68  9:27  SCV x2  
  68  9:28  SCV  
  71  9:44  Command Center  
  71  9:50  Marine  
  71  9:51  Marine x4  
  76  9:53  Medivac  
  77  10:14  SCV x2  
  77  10:15  SCV, Marine x5  
  85  10:28  Medivac  
  85  10:29  SCV x2  
  85  10:30  Supply Depot  
  85  10:33  Marine x4  
  93  10:37  Marine  
  78  10:50  Marine  
  78  10:51  Marine  
  78  10:53  Supply Depot  
  73  11:15  Supply Depot, Marine x5  
  66  11:22  Starport Reactor  
  66  11:23  Terran Infantry Weapons Level 1  
  66  11:24  Terran Infantry Armor Level 1  
  64  11:27  Orbital Command  
  64  11:29  SCV x3  
  67  11:32  Marine  
  67  11:33  Marine x4  
  72  11:41  SCV x3  
  75  11:50  Marine  
  75  11:51  Marine x4  
  75  11:53  SCV  
  81  12:00  Stimpack  
  79  12:04  SCV  
  79  12:05  SCV x2  
  82  12:09  Marine x5  
  82  12:13  Medivac x2  
  91  12:20  SCV x2  
  91  12:21  SCV x2  
  91  12:22  Barracks  
  95  12:24  Refinery  
  95  12:27  Marine, Refinery  
  95  12:28  Refinery  
  96  12:30  Refinery  
  96  12:31  Marine x4  
  96  12:32  SCV  
  96  12:33  SCV x3  
  96  12:36  Refinery  
  104  12:44  SCV  
  104  12:45  SCV x3  
  104  12:51  Marine x4, Armory  
  110  12:52  Marine  
  110  12:57  SCV x4  
  117  13:08  Marine  
  117  13:09  SCV x4, Marine  
  123  13:15  Marine  
  123  13:16  Marine x2  
  123  13:18  Barracks Reactor  
  126  13:21  SCV x3  
  126  13:26  SCV, Marine x2  
  132  13:41  SCV x4, Marine  
  132  13:42  Supply Depot  
  137  13:49  Medivac  
  137  13:53  SCV  
  140  14:04  Supply Depot, SCV x3, Medivac  
  140  14:06  SCV  
  146  14:16  SCV x3  
  144  14:18  SCV  
  144  14:19  Medivac  
  144  14:22  Marine  
  148  14:25  Marine x6  
  148  14:28  SCV x2  
  148  14:29  SCV  
  156  14:36  SCV, Medivac  
  148  14:40  SCV x2, Marine  
  148  14:41  SCV  
  148  14:43  Marine x5  
  134  14:48  SCV  
  134  14:49  Medivac  
  134  14:52  SCV x2  
  126  14:53  SCV  
  126  14:57  Marine  
  126  14:58  Marine  
  128  15:00  SCV  
  128  15:01  Marine x5  
  128  15:04  SCV  
  128  15:06  Medivac  
  137  15:07  SCV x2  
  137  15:12  SCV  
  140  15:14  Marine  
  140  15:16  SCV, Marine  
  140  15:19  SCV x2, Marine x5, Medivac  
  140  15:20  Command Center, Terran Infantry Weapons Level 2  
  152  15:23  Terran Infantry Armor Level 2  
  152  15:24  SCV  
  152  15:25  Terran Vehicle And Ship Armor Level 1  
  153  15:28  SCV  
  153  15:29  Command Center  
  153  15:32  Marine  
  153  15:33  Marine  
  156  15:43  Marine x5, Medivac  
  156  15:45  Barracks  
  156  15:49  Medivac  
  165  15:50  Marine  
  165  15:51  Marine  
  165  15:54  SCV x4  
  171  16:01  Marine  
  172  16:06  Marine x2  
  172  16:09  SCV, Marine  
  172  16:12  Marine x2  
  172  16:13  Marine  
  165  16:19  Marine  
  164  16:30  Marine x2  
  164  16:31  Marine x4  
  163  16:37  Marine  
  164  16:48  Marine x2  
  164  16:49  Marine x4  
  164  16:50  SCV x3  
  164  16:52  Orbital Command  
  174  16:54  Marine  
  174  16:57  SCV  
  174  17:00  Orbital Command  
  175  17:02  SCV x2  
  175  17:06  Marine x2  
  175  17:07  Marine x4  
  183  17:11  SCV x2  
  183  17:12  Marine  
  186  17:24  Marine x6  
  192  17:30  SCV x4, Marine  
Show
View Real Time Build Order
Export as new Build Order

Matski Terran 

Build Orders: Mech 

Get SALT Encoding   

  12  0:00  SCV  
  13  0:16  Supply Depot  
  13  0:19  SCV  
  14  0:31  SCV  
  15  0:40  Barracks  
  15  0:44  Refinery  
  15  0:48  SCV  
  16  1:00  SCV  
  16  1:03  Refinery  
  17  1:12  SCV  
  18  1:29  Ghost Academy  
  18  1:31  Orbital Command  
  18  1:36  Barracks Tech Lab  
  18  2:06  Personal Cloaking  
  18  2:11  Marine  
  19  2:22  Ghost Academy  
  19  2:26  SCV  
  20  2:43  Ghost  
  23  2:57  Factory  
  23  3:25  Supply Depot  
  23  3:30  Supply Depot  
  23  3:46  SCV, Ghost  
  27  3:49  Factory Tech Lab  
  27  3:55  Nuke  
  27  4:03  SCV  
  27  4:04  Command Center  
  27  4:08  Siege Tank  
  31  4:22  Refinery  
  31  4:23  Marauder  
  33  4:27  Refinery  
  33  4:36  SCV  
  34  4:44  Ghost  
  37  4:48  SCV, Concussive Shells  
  38  5:00  Nuke  
  38  5:13  SCV  
  39  5:19  Orbital Command  
  39  5:26  Ghost  
  38  5:55  Widow Mine  
  39  5:57  Engineering Bay  
  39  6:11  Nuke  
  36  6:35  SCV  
  36  6:36  SCV  
  38  6:45  Missile Turret  
  35  6:47  SCV, Missile Turret  
  35  6:49  Armory  
  35  6:51  Armory  
  36  6:56  Nuke  
  36  7:00  SCV x2  
  38  7:11  Missile Turret  
  38  7:12  SCV x2, Factory  
  40  7:16  Factory  
  40  7:19  Hi-Sec Auto Tracking, Factory  
  40  7:45  SCV  
  40  7:46  SCV  
  40  7:50  Missile Turret  
  42  7:51  Missile Turret  
  42  7:58  SCV  
  40  8:16  Factory Tech Lab x3  
  40  8:20  Ghost  
  43  8:32  Supply Depot  
  43  8:33  Supply Depot  
  43  8:34  Supply Depot  
  43  8:39  Supply Depot  
  43  8:41  Thor  
  49  8:51  Refinery  
  49  8:52  Command Center  
  49  8:56  Refinery  
  49  9:11  Missile Turret  
  49  9:15  Thor  
  49  9:16  Thor  
  61  9:17  Missile Turret  
  61  9:24  Missile Turret  
  61  9:25  Widow Mine  
  61  9:29  Terran Vehicle Weapons Level 1  
  63  9:37  Terran Vehicle And Ship Armor Level 1  
  63  9:38  SCV  
  64  9:39  SCV  
  65  9:50  SCV  
  65  9:51  SCV  
  67  10:02  SCV  
  67  10:03  SCV  
  61  10:16  Thor  
  61  10:18  Widow Mine  
  61  10:19  Widow Mine  
  73  10:21  Siege Tank  
  74  10:30  SCV x2  
  74  10:33  Supply Depot  
  70  11:15  Thor x2  
  82  11:23  Siege Tank  
  85  11:29  SCV x2, Refinery  
  87  11:41  SCV  
  88  12:12  Missile Turret  
  88  12:16  Thor, Missile Turret  
  88  12:17  Missile Turret  
  91  12:40  Missile Turret  
  91  12:54  Hellion  
  93  13:21  Missile Turret x2  
  93  13:22  Missile Turret  
  93  13:23  Refinery  
  93  13:26  SCV  
  93  13:29  Factory  
  93  13:30  SCV  
  92  14:26  Command Center  
  90  14:45  SCV x2, Hellion  
  76  14:48  Thor  
  76  14:49  Thor  
  76  14:52  Thor  
  64  15:03  Supply Depot  
  62  15:31  Thor, Marine  
  62  15:32  Thor  
  62  15:35  Thor  
  75  15:38  Factory Reactor  
  81  15:49  Marine  
  77  16:07  Marauder  
  77  16:14  Thor, Factory Tech Lab  
  77  16:15  Siege Tank  
  77  16:17  Hellion  
  88  16:18  Cyclone  
  88  16:22  Widow Mine  
  93  16:39  Orbital Command  
  93  16:43  Refinery x2  
  92  17:05  Siege Tank  
  94  17:19  Command Center  
Show
View Real Time Build Order
Export as new Build Order

Pyndersboele Zerg 

Build Orders: Hatch First, Roach Nydus 

Get SALT Encoding   

  12  0:08  Overlord  
  12  0:12  Drone  
  13  0:18  Drone  
  14  0:28  Drone  
  15  0:46  Hatchery  
  15  0:49  Drone  
  15  0:53  Drone  
  16  1:01  Drone  
  17  1:09  Drone  
  18  1:16  Extractor  
  17  1:24  Spawning Pool  
  16  1:25  Drone  
  16  1:26  Drone  
  18  1:35  Drone  
  20  1:47  Drone  
  20  1:57  Drone  
  20  2:00  Drone  
  22  2:07  Overlord  
  22  2:10  Drone  
  22  2:13  Queen  
  22  2:14  Queen  
  27  2:17  Overlord  
  27  2:22  Drone  
  28  2:34  Drone x2  
  30  2:41  Drone x2  
  30  2:43  Roach Warren  
  31  2:51  Spine Crawler  
  31  2:53  Spine Crawler  
  29  3:01  Zergling x6  
  32  3:16  Overlord  
  32  3:22  Overlord  
  32  3:25  Roach x2  
  36  3:32  Overlord  
  36  3:38  Lair  
  36  3:41  Drone x2  
  36  3:42  Drone x3  
  36  3:45  Extractor  
  40  4:02  Roach x5  
  50  4:03  Roach  
  50  4:07  Roach  
  54  4:12  Drone x2  
  54  4:13  Drone  
  57  4:31  Roach  
  59  4:33  Overlord x2  
  59  4:39  Overlord x2  
  59  4:47  Extractor  
  59  4:50  Nydus Network  
  59  4:51  Overlord x2  
  57  4:56  Drone x2  
  57  4:57  Drone  
  57  4:59  Drone  
  61  5:04  Overseer  
  61  5:28  Drone x2  
  61  5:29  Drone x6  
  69  5:39  Spore Crawler  
  69  5:40  Spore Crawler  
  65  5:42  Spore Crawler  
  65  5:45  Spore Crawler  
  65  5:46  Spore Crawler  
  60  5:50  Nydus Canal  
  59  5:57  Hydralisk Den  
  58  6:05  Drone x5  
  58  6:06  Drone x5  
  68  6:12  Ravager  
  68  6:14  Extractor  
  68  6:16  Overlord  
  68  6:39  Overlord x2  
  68  6:40  Hatchery  
  68  6:43  Grooved Spines  
  68  6:45  Hydralisk  
  69  6:49  Overlord  
  69  6:50  Overlord  
  69  6:55  Nydus Canal  
  69  7:00  Overseer  
  69  7:05  Drone x2  
  69  7:06  Drone x5  
  76  7:23  Drone x5, Infestation Pit  
  76  7:26  Hydralisk  
  76  7:29  Overseer  
  82  7:33  Muscular Augments  
  82  7:37  Spore Crawler  
  82  7:38  Spore Crawler  
  82  7:39  Nydus Canal  
  82  7:42  Drone x5  
  85  7:45  Extractor  
  85  7:46  Overseer, Extractor  
  83  7:52  Spore Crawler  
  82  8:00  Hydralisk x5  
  82  8:01  Hydralisk  
  93  8:17  Nydus Canal  
  93  8:18  Drone x3  
  93  8:19  Drone x3, Queen  
  99  8:23  Spore Crawler  
  99  8:25  Spore Crawler  
  99  8:26  Spore Crawler  
  100  8:27  Spore Crawler  
  99  8:34  Overlord x2  
  99  8:35  Overlord  
  99  8:38  Baneling Nest  
  99  8:41  Hive  
  96  8:43  Zergling x10  
  101  8:48  Hydralisk x2  
  101  8:49  Hydralisk  
  107  8:58  Hydralisk x2  
  107  9:00  Hydralisk  
  113  9:12  Drone x4  
  113  9:13  Drone x3  
  120  9:17  Nydus Canal  
  120  9:22  Drone x3  
  123  9:29  Drone x2  
  123  9:30  Drone x3  
  128  9:32  Infestor  
  128  9:33  Infestor  
  128  9:36  Roach x2  
  136  9:43  Roach x2  
  140  9:47  Overseer  
  140  9:56  Hydralisk x3  
  140  9:57  Hydralisk x2  
  150  10:08  Hydralisk  
  150  10:11  Zergling x2  
  153  10:18  Overlord x3  
  153  10:23  Overlord x2  
  153  10:32  Metabolic Boost  
  121  10:50  Hydralisk x3  
  121  10:51  Hydralisk x8  
  139  11:12  Hydralisk x9  
  153  11:20  Drone x6  
  153  11:21  Drone  
  160  11:27  Roach x2  
  164  11:34  Hatchery  
  164  11:37  Nydus Canal  
  163  11:40  Viper  
  163  11:43  Viper  
  167  12:06  Overlord x3  
  167  12:08  Drone x5  
  168  12:09  Drone x2  
  168  12:14  Centrifugal Hooks  
  168  12:15  Baneling Nest  
  167  12:37  Evolution Chamber  
  167  12:38  Drone, Evolution Chamber  
  167  12:39  Drone x9  
  167  12:41  Extractor  
  167  12:43  Extractor  
  167  12:44  Zergling x8  
  177  12:52  Hydralisk x4  
  177  12:56  Lurker Den  
  177  12:58  Drone x2  
  186  13:01  Queen  
  186  13:04  Overseer  
  186  13:05  Overseer x2  
  188  13:07  Zergling x4  
  188  13:08  Zergling x2  
  188  13:10  Hatchery  
  190  13:16  Overlord  
  190  13:17  Overlord x3  
  190  13:22  Queen  
  190  13:23  Spore Crawler  
  190  13:24  Spore Crawler  
  190  13:25  Drone  
  190  13:26  Spore Crawler  
  190  13:38  Viper x2  
  196  13:53  Nydus Canal  
  196  14:00  Unknown  
  196  14:08  Nydus Canal  
  196  14:20  Zergling x8  
  196  14:23  Seismic Spines  
  152  14:58  Hydralisk  
  152  14:59  Hydralisk x8  
  113  15:00  Hydralisk x12  
  113  15:01  Hydralisk x3  
  149  15:08  Zergling x14  
  149  15:09  Zergling x2  
  157  15:17  Nydus Canal  
  157  15:20  Adaptive Talons  
  156  15:31  Lurker x4  
  156  15:32  Lurker x3  
  156  15:35  Zergling x10  
  167  15:36  Zergling x18  
  142  16:42  Overlord x3  
  142  16:48  Hatchery  
  142  16:52  Lurker x8  
  142  16:53  Hatchery, Lurker x7  
  155  17:02  Drone x5  
  155  17:03  Drone  
Tags
 
Add a new tag
Caveats
  • Supply blocks, unpowered buildings, or Contaminate may cause inaccurate times.
  • Supply counts are checked every 10 seconds.